[Event "Turkish Championship 2022"]
[Site "Kemer-Antalya"]
[Date "2022.11.28"]
[Round "4.3"]
[White "Koksal, Ege"]
[Black "Yilmaz, Mustafa"]
[Result "0-1"]
[ECO "E01"]
[WhiteElo "2321"]
[BlackElo "2621"]
[Annotator "TA"]
[PlyCount "121"]
[EventDate "2022.11.25"]
[EventCountry "TUR"]
[SourceTitle "playchess.com"]
[Source "ChessBase"]
[SourceQuality "1"]
[TimeControl "40/5400+30:1800+30"]

1. d4 Nf6 2. Nf3 e6 3. g3 c5 4. Bg2 cxd4 5. O-O d5 6. Nxd4 e5 7. Nf3 Nc6 8. c4 d4 9. e3 Be7 10. exd4 exd4 11. Bf4 Be6 {[%emt 0:00:00] E01: Catalan: Early deviations.} 12. Ne5 Rc8 13. Nd2 O-O {[%emt 0:03:30] The position is equal.} 14. Ndf3 Nxe5 15. Nxe5 Bxc4 16. Nxc4 Rxc4 17. Qd3 Rb4 18. Rab1 Nd7 19. Qd2 Nb8 {[%emt 0:06:30] [#]} (19... Qb6 $5) 20. Rfc1 $146 ({Predecessor:} 20. a3 Rb6 21. b4 Qd7 22. Rfe1 Nc6 23. Rbc1 a6 24. Qd3 Rd8 25. h4 h6 26. Rc2 {½-½ (34) Heinsohn,M (2390)-Gromotka,H (2417) ICCF email 2012}) 20... Nc6 21. Bxc6 bxc6 22. Rxc6 Rb7 (22... Qd5 {seems wilder.} 23. Rc7 Qxa2 24. Rd1 Rxb2 25. Qxd4 Bf6) 23. Rc4 (23. Qd3 {looks sharper.} Re8 24. b3 Qd5 25. Qa6) 23... Bf6 {[%emt 0:04:46] Threatens to win with ...g5.} 24. Re1 Qd5 (24... d3 $5 25. b3 h6 $11) 25. b3 d3 26. h4 (26. Bc7 $11) 26... h6 ({Black should play} 26... Rd7 $1 $15) 27. Rd1 (27. Bc7 $11) 27... Re8 28. Be3 Rd7 29. Rdc1 (29. Qc1 $1 $11 {keeps the balance.}) 29... Ree7 {[%emt 0:04:12] Black is much more active.} (29... Be5 {keeps more tension.} 30. Re1 Re6 31. Rc8+ Kh7) 30. Rc5 Qf3 31. R5c4 {[%emt 0:01:08] Against Bd4} Kh7 32. Re1 (32. a3 $15) 32... Qf5 (32... Re6 $17 {[%cal Og7g5] ...g5! is the strong threat.} 33. Rf4 Qd5) 33. Kg2 (33. Qd1 $1 $15) 33... Qd5+ $17 34. Kg1 Re6 35. Rcc1 $2 {[%emt 0:00:45] [#] This move loses the game for White.} (35. Qd1 $1 $15) 35... Bxh4 $1 $19 36. Bf4 {[%emt 0:01:02] Black must now prevent Rxe6.} ({Much worse is} 36. Rc5 Qf3 37. Qd1 {[#]} Rxe3 $1 38. Qxf3 Rxf3 $19) 36... Bf6 37. Rxe6 fxe6 ({Worse is} 37... Qxe6 38. Be3 $17) 38. Be3 Qf3 39. Qd1 Qe2 40. Kg2 Qxa2 {[%emt 0:00:00] aiming for ...d2.} 41. Bd2 Qb2 42. Rc6 Qe5 43. Qf3 {[%emt 0:01:51] Inhibits Qe4.} (43. f4 Qd4 44. Rc4) 43... Qe2 44. Qe3 Bg5 45. Qxe2 dxe2 {[%emt 0:00:00][%mdl 4096] Endgame KRB-KRB} 46. Ba5 Rd5 47. Bb4 a5 48. Bc3 (48. Bxa5 $142 Rxa5 49. Rxe6) 48... Bf6 {[%emt 0:00:14] ( -> ...Bxc3)} 49. Be1 Rd1 50. Bxa5 e1=Q 51. Bxe1 Rxe1 {[%emt 0:00:30] KRB-KR} 52. b4 Bd4 {[%emt 0:00:15] Hoping for ...Re2.} 53. Kf3 {[%emt 0:00:00] Prevents Re2.} e5 54. Rc4 h5 55. Rc2 Rb1 56. Rc4 Rb3+ 57. Ke4 Bxf2 58. Kxe5 Bxg3+ 59. Kd5 Be1 60. Kc5 {[%emt 0:00:00] [#]} Bxb4+ $1 61. Kd4 {[%emt 0:00:32] Weighted Error Value: White=0.48/Black=0.20 (precise)} (61. Kd5 g5) 0-1

[Event "Turkish Championship 2022"]
[Site "Kemer-Antalya"]
[Date "2022.11.28"]
[Round "4.4"]
[White "Yaran, Siar"]
[Black "Gokbulut, Julia"]
[Result "1-0"]
[ECO "D46"]
[WhiteElo "2291"]
[BlackElo "1912"]
[Annotator "TA"]
[PlyCount "55"]
[EventDate "2022.11.25"]
[EventCountry "TUR"]
[SourceTitle "playchess.com"]
[Source "ChessBase"]
[SourceQuality "1"]
[TimeControl "40/5400+30:1800+30"]

1. d4 Nf6 2. c4 e6 3. Nc3 Bb4 4. e3 O-O 5. Bd3 d5 6. a3 Be7 7. Nf3 dxc4 8. Bxc4 c5 9. O-O Nbd7 10. Qe2 {[%emt 0:05:30] D46: Semi-Slav: 5 e3 Nbd7 6 Bd3, Black avoids the Meran.} Nb6 11. dxc5 Bxc5 12. Ba2 {[%emt 0:00:30] White is slightly better.} Bd7 {[%emt 0:09:30] [#]} 13. e4 $146 ({Predecessor:} 13. b4 Be7 14. Rd1 Qe8 15. Bb2 Na4 16. Nxa4 Bxb4 17. axb4 Bxa4 18. Rd2 Rc8 19. Bxf6 gxf6 20. Nd4 {1-0 (31) Saether,L-Lahlum,I (1831) Gausdal 2008}) 13... Rc8 14. Bg5 {[%emt 0:02:30] Strongly threatening e5.} Be7 15. Rfd1 Ne8 (15... Qe8 $14 {is superior.}) 16. Bf4 Bxa3 {[%emt 0:12:30] [#]} 17. Ne5 $1 $18 Bb4 18. Nxd7 Nxd7 19. Qb5 Bxc3 20. Rxd7 {[%emt 0:09:30] White has more active pieces.} Qa5 21. Qxb7 ({Inferior is} 21. Rxb7 Qxb5 22. Rxb5 a6 $11) 21... Nf6 $2 {[%emt 0:02:22] [#]} (21... Be5) 22. Rxf7 $3 Rcd8 (22... Kh8 23. bxc3) 23. Rxf8+ Kxf8 24. g3 {[%emt 0:00:10][%cal Oa2e6] Threatens to win with Bxe6!} ({Weaker is} 24. bxc3 Qxa2 25. Rf1 (25. Bd6+ $2 Rxd6 26. Qb8+ Kf7 $19) 25... Qc4 $16) 24... Bb4 25. Bc7 {[%emt 0:00:45] Inhibits Qb6. A strong pair of Bishops.} Qc5 26. Bxd8 Ng4 27. Rf1 (27. Bxe6 $2 {gets mated.} Qxf2+ 28. Kh1 Qxh2#) 27... Qh5 28. Qxb4+ {[%emt 0:00:00] Weighted Error Value: White=0.52/Black=1.00} 1-0

[Event "Turkish Championship 2022"]
[Site "Kemer-Antalya"]
[Date "2022.11.28"]
[Round "4.5"]
[White "Agdelen, Huseyin Can"]
[Black "Isik, Alparslan"]
[Result "1/2-1/2"]
[ECO "B33"]
[WhiteElo "2416"]
[BlackElo "2463"]
[Annotator "TA"]
[PlyCount "162"]
[EventDate "2022.11.25"]
[EventCountry "TUR"]
[SourceTitle "playchess.com"]
[Source "ChessBase"]
[SourceQuality "1"]
[TimeControl "40/5400+30:1800+30"]

1. e4 c5 2. Nf3 e6 3. d4 cxd4 4. Nxd4 Nf6 5. Nc3 Nc6 6. Ndb5 d6 7. Bf4 e5 8. Bg5 a6 9. Na3 b5 10. Bxf6 gxf6 11. Nd5 Bg7 12. g3 O-O 13. Bg2 {[%emt 0:05:30] B33: Sicilian: Pelikan and Sveshnikov Variations.} Be6 14. O-O Rb8 15. c3 {[%emt 0:06:30] White is slightly better.} Qd7 {[%emt 0:06:30] [#]} 16. Nc2 $146 ({Predecessor:} 16. Qh5 Ne7 17. Nxe7+ Qxe7 18. Nc2 Kh8 19. Ne3 Rg8 20. Bh3 Bxh3 21. Qxh3 Qe6 22. Nf5 Bf8 23. Rfd1 {1-0 (51) Lawrenz,A (2056)-Cirkovic,R (1928) Berlin 2005}) 16... f5 17. exf5 Bxf5 18. a4 bxa4 (18... a5 $16) 19. Nce3 $18 Be6 (19... Rxb2 $2 20. Nxf5 Qxf5 21. Qxa4 $18) 20. Qxa4 Kh8 (20... Rxb2 $2 21. Qxc6 $3 Qxc6 22. Ne7+ Kh8 23. Nxc6 $18) 21. Nc4 $1 (21. Qxa6 f5 $16) 21... Rb5 22. Qxa6 Nb8 (22... Rxd5 $2 23. Nb6 $18) 23. Qa8 (23. Qxd6 Bxd5 24. Qxd7 Nxd7 25. Bxd5 Rxd5 $17) 23... f5 24. Rfd1 e4 25. Ndb6 Qe7 26. Qa4 ({Don't do} 26. Rxd6 $6 Rxb2 27. Nd5 Bxd5 28. Qxd5 Rb7 $18) (26. Ra7 $18 {has better winning chances.} Qe8 27. Rxd6 (27. Nxd6 Qh5 $11)) 26... Rc5 $16 27. Ne3 (27. Rxd6 $2 {too greedy.} Bxc4 28. Nxc4 Rxc4 $1 29. Qxc4 Qxd6 $19) 27... Qf7 (27... Nd7 $16 28. Nxd7 Bxd7) 28. Rxd6 $18 Be5 {[%emt 0:00:13] [#]} 29. Rd2 (29. Rxe6 $1 $18 Qxe6 30. Qb4) 29... f4 (29... Nc6 $16) 30. Qxe4 fxe3 31. Qxe3 Qc7 (31... Rb5 $16 {was necessary.}) 32. Na8 Qe7 33. b4 Bxc3 (33... Rxc3 $2 34. Qxe5+ Qf6 35. Qxf6+ Rxf6 36. Rd8+ Kg7 37. Rxb8 $18) 34. bxc5 Bxa1 {[%emt 0:00:00] A strong pair of Bishops.} 35. Re2 Re8 36. c6 $36 {[%emt 0:00:00][%mdl 2048] White is on the roll.} Na6 {[%emt 0:00:30] [#] Prevents c7.} 37. c7 $1 {[%emt 0:00:18] White is more active.} Rxa8 $2 38. Bxa8 Nxc7 {[%emt 0:00:01] [#]} 39. Bd5 $1 Nxd5 40. Qxe6 Qxe6 41. Rxe6 Kg7 42. Kg2 Bf6 43. f4 h5 44. Kf3 {[%emt 0:01:30] Threatens to win with h3.} Ne7 45. Ke4 Ng8 46. h3 Nh6 {[%emt 0:00:30] Inhibits g4.} 47. Rb6 Kg6 48. Kf3 {[%emt 0:04:23] g4 is the strong threat.} Kf5 {[%emt 0:01:38] Against g4+} (48... Kg7 {is tougher.} 49. g4 hxg4+ 50. hxg4 Nf7) 49. Rb5+ $2 (49. Ra6 {Strongly threatening Rb6.} Nf7 50. g4+ Kg6 51. Ke4) 49... Kg6 50. g4 hxg4+ 51. hxg4 Nf7 52. Rb1 Bd8 53. Ra1 Bf6 54. Ra6 {[%emt 0:00:11] Black must now prevent Ke4.} Kg7 55. Ke4 Bh4 56. Rc6 Bd8 57. Kd5 {[%emt 0:00:59] aiming for Ke6.} Nh6 58. Rd6 ({White should play} 58. Rc2) 58... Bh4 $16 59. f5 {[%emt 0:01:03] Hoping for Ke6.} Nf7 60. Rg6+ Kh7 61. Ke4 Bg5 62. Kd5 Bh4 $1 63. Ke6 (63. Rb6 $16) 63... Ng5+ (63... Nh8 $11) 64. Ke7 Nf3+ 65. Kf8 Ne5 $2 (65... Bd8 $16 {is a better defense.}) 66. Rd6 $2 (66. Re6 $18 Nf3 67. Re3) 66... Bf2 {[%emt 0:01:13][%cal Of2c5] And now ...Bc5! would win.} 67. Rd2 Bc5+ 68. Ke8 {[%emt 0:00:30] Threatening mate with Rd5.} Nxg4 69. Rg2 Ne3 70. Rg5 Kh6 {[%emt 0:02:35] Against f6} 71. Rg6+ Kh5 72. Rc6 Nxf5 73. Rxc5 $11 {[%emt 0:00:00][%mdl 4096] Endgame KR-KN} Kg4 74. Kf7 Kf4 75. Kf6 {[%emt 0:00:28] White wants to mate with Rc4+.} Nd6 {[%emt 0:00:11] Prevents Rc4+.} 76. Ra5 Ne4+ {[%emt 0:00:30] The position is equal.} 77. Ke6 Ng5+ 78. Kd5 Kf5 79. Ra1 Kf4 80. Rf1+ Nf3 81. Rxf3+ Kxf3 {[%emt 0:00:00] Weighted Error Value: White=0.28 (precise) /Black=0.29 (precise)} 1/2-1/2

[Event "Turkish Championship 2022"]
[Site "Kemer-Antalya"]
[Date "2022.11.29"]
[Round "5.1"]
[White "Isik, Alparslan"]
[Black "Yavuz, Efe Metehan"]
[Result "1/2-1/2"]
[ECO "B00"]
[WhiteElo "2463"]
[BlackElo "2256"]
[Annotator "TA"]
[PlyCount "116"]
[EventDate "2022.11.25"]
[EventCountry "TUR"]
[SourceTitle "playchess.com"]
[Source "ChessBase"]
[SourceQuality "1"]
[TimeControl "40/5400+30:1800+30"]

1. e4 b6 2. d4 Bb7 3. Bd3 e6 4. Nf3 d5 5. exd5 Qxd5 6. O-O {[%emt 0:11:30] B00: Queen's Fianchetto Defence, Nimzowitsch Defence.} Nf6 7. Bg5 Be7 8. Nc3 {[%emt 0:00:30] White is slightly better.} Qd8 9. Bb5+ c6 $1 10. Bd3 O-O 11. Ne5 {[%emt 0:04:30] [#]} h6 $146 ({Predecessor:} 11... Nfd7 12. Qh5 h6 13. Bxh6 Nf6 14. Qh3 Qxd4 15. Rae1 gxh6 16. Qxh6 Ba6 17. Bxa6 Nxa6 18. Re3 {1-0 (18) Ohlsson-Torreil corr 1983}) 12. Be3 c5 $1 13. dxc5 Bxc5 14. Bxc5 bxc5 15. Qe2 Qc7 16. Nb5 Qe7 17. Rad1 Nc6 18. Bc4 Rad8 19. c3 Ba8 20. f3 (20. Rfe1 {looks sharper.} Nxe5 21. Qxe5 Qb7 22. f3) 20... Bb7 21. Rfe1 {[%emt 0:00:30][%cal Oe5f7] [#] Nxf7! is the strong threat.} Rxd1 22. Rxd1 {[%emt 0:00:30][%cal Oe5f7] Black must now prevent Nxf7!} Na5 23. Nd6 Bd5 24. Nb5 Nxc4 25. Nxc4 Nh5 26. Nba3 (26. Rxd5 $2 Nf4 27. Qe3 Nxd5 $19) 26... Qg5 27. Qe5 Qg6 (27... Qxe5 $11 28. Nxe5 Bxa2) 28. Kf2 Bxc4 29. Nxc4 Nf6 30. Ne3 {[%emt 0:00:00] Inhibits Nd5.} Nd5 31. Nxd5 exd5 32. Qxd5 $16 {[%emt 0:02:50][%mdl 4096] Endgame KQR-KQR} Qb6 33. Rd2 Re8 34. c4 Qf6 35. g3 {[%emt 0:00:44] Against Qh4} Qe7 36. Qe4 {[%emt 0:00:21] Inhibits Qe1+. Active counter play!} Qf8 37. Qd3 Qe7 38. Re2 {[%emt 0:01:13] Prevents Qe1+.} Qf8 39. Rxe8 Qxe8 {[%emt 0:00:00] KQ-KQ} 40. Qd5 Qb8 41. Qd2 ({Of course not} 41. Qxc5 $6 Qxb2+ 42. Ke3 Qxh2 $11) 41... Qe5 42. b4 (42. Qd8+ $16 Kh7 43. Qd3+ g6 44. b3) 42... cxb4 $11 43. Qxb4 Qd4+ 44. Ke2 Qg1 $1 {[%emt 0:06:41] The position is equal.} 45. Kd3 Qf1+ 46. Ke3 (46. Kc2 $5 ) 46... Qg1+ $1 47. Ke4 Qxh2 48. Qb8+ Kh7 49. c5 ({Much weaker is} 49. Qxa7 Qe2+ 50. Qe3 Qxc4+ 51. Kf5 Qxa2 $17) 49... Qxa2 50. Qd6 a5 {[%emt 0:03:05] Hoping for ...a4.} 51. c6 a4 {[%emt 0:00:57] [#] And now ...a3 would win.} 52. c7 Qc4+ 53. Ke3 {[%emt 0:00:30] Intending Qd3+ and mate.} a3 54. Qd3+ ({Reject} 54. Qxa3 Qxc7 55. Qd3+ g6 $17) 54... Qxd3+ 55. Kxd3 a2 56. c8=Q {[%emt 0:00:30] White threatens Qa6 and mate.} a1=Q {[%emt 0:00:17] Against Qa6. Threatens to win with ...Qd1+.} 57. Qf5+ Kg8 {[%emt 0:00:00] ( -> ...Qb1+)} 58. Qc8+ Kh7 {[%emt 0:00:00] Weighted Error Value: White=0.11 (very precise) /Black=0.08 (flawless)} 1/2-1/2

[Event "Turkish Championship 2022"]
[Site "Kemer-Antalya"]
[Date "2022.11.29"]
[Round "5.2"]
[White "Gokbulut, Julia"]
[Black "Agdelen, Huseyin Can"]
[Result "0-1"]
[ECO "D21"]
[WhiteElo "1912"]
[BlackElo "2416"]
[Annotator "TA"]
[PlyCount "80"]
[EventDate "2022.11.25"]
[EventCountry "TUR"]
[SourceTitle "playchess.com"]
[Source "ChessBase"]
[SourceQuality "1"]
[TimeControl "40/5400+30:1800+30"]

1. d4 d5 2. c4 dxc4 3. Nf3 a6 4. a4 Nc6 5. e4 {[%emt 0:05:30][%cal Be2e4,Be4e5][%mdl 32] [#]} Nf6 $146 (5... Bg4 $5 6. d5 (6. Bxc4 e6 $11) 6... Na5 $15) ({Predecessor:} 5... Bg4 6. Bxc4 e6 7. Be3 Bxf3 8. gxf3 Qf6 9. e5 Qh4 10. f4 O-O-O 11. Nc3 Bc5 12. Ne2 Nxd4 13. Nxd4 Bxd4 {0-1 (37) Cofman,V (2205)-Vorobiov,E (2566) Neustadt an der Weinstrasse 2019}) 6. e5 {[%emt 0:03:30] D21: Queen's Gambit Accepted: 3 Nf3 sidelines.} Nd5 7. Bxc4 Bg4 8. Be3 {[%emt 0:01:30] The position is equal.} (8. Nc3 $5 e6 9. Nxd5 exd5 10. Be2 $11) 8... e6 9. O-O f6 (9... Bb4 $15) 10. exf6 gxf6 11. Nbd2 (11. Nc3 $11) 11... Rg8 $15 12. Kh1 f5 {[%emt 0:05:30] Inhibits Ne4.} 13. Nb3 Qf6 14. Bxd5 exd5 15. Bf4 {[%emt 0:02:30] Strongly threatening Qe1+.} O-O-O {[%emt 0:01:00][%cal Ba8d8,Bd8d6,Bd6g6,Bg6g5,Bg5b5][%mdl 32] Active counter play!} 16. Rc1 Bd6 17. Bxd6 Rxd6 18. Qd3 f4 19. Nbd2 (19. Qxh7 $2 Rh8 20. Qd3 Qg7 $17) ({Better is} 19. Nc5) 19... Bf5 20. Qc3 Qg7 21. Rg1 Be4 $40 {[%emt 0:03:55][%mdl 128] Black has some attack.} (21... a5 $1 $17) 22. b4 Rg6 23. Nxe4 (23. b5 Rxg2 24. Nxe4 dxe4 $19) 23... dxe4 24. Nh4 Rg5 {[%emt 0:00:11] ...f3 is the strong threat.} 25. b5 $1 {[%emt 0:01:16] Against f3} axb5 (25... Nxd4 26. bxa6 b6 27. Rgd1 $11) 26. axb5 Rxb5 27. Ra1 {[%emt 0:00:45] [#]} ({White should play} 27. Qc4 $1 $15 Qg5 28. Rb1 Rxb1 29. Rxb1) 27... Rd8 $1 $17 (27... Nxd4 $2 28. Ra8+ Kd7 29. Rxg8 Qxg8 30. Qxd4+ Qd5 31. Qg7+ Kc8 32. Qxh7 $18) 28. Ra8+ {[%emt 0:01:26] [#]} Nb8 $1 ({Much worse is} 28... Kd7 $6 29. Qh3+ Ke8 30. Qe6+ Qe7 31. Qg8+ Kd7 32. Qg4+ Qe6 33. Rxd8+ Nxd8 34. Qxf4 $11) 29. Ra4 (29. Qc4 $17 {might work better.} Rh5 30. g3) 29... Qe7 (29... Qg4 $19 30. g3 e3) 30. Rc1 c6 (30... Qxh4 $2 31. Qxc7#) 31. Qh3+ Qd7 {[%emt 0:00:59] Hoping for ...Qxh3.} 32. Qc3 (32. g4 $17) 32... Qg4 33. g3 e3 34. Kg2 (34. Qd3 $142 Rb2 35. Qf5+ Qxf5 36. Nxf5) 34... fxg3 35. hxg3 exf2 {[%emt 0:02:18] The board is on fire.} 36. Kxf2 (36. Qf3 Rg8 37. Qxg4+ Rxg4 38. Rc3) 36... Rf8+ $19 ({But not} 36... Re8 $2 37. Qd3 Rb2+ 38. Rc2 Rxc2+ 39. Qxc2 $19) 37. Kg1 Rh5 ({Don't go for} 37... Qe2 $2 38. Qe1 Qg4 39. Rc2 $19) 38. Ng2 (38. Rf1 $19 Rxf1+ 39. Kxf1) 38... Qh3 {[%emt 0:00:22][%csl Gh5][%cal Rh3h2] Black mates.} 39. Nf4 {[%emt 0:00:22] [#]} Rxf4 $1 40. gxf4 (40. Qxc6+ Nxc6) 40... Qg4+ {[%emt 0:00:00] Weighted Error Value: White=0.47/Black=0.25 (precise)} 0-1

[Event "Turkish Championship 2022"]
[Site "Kemer-Antalya"]
[Date "2022.11.29"]
[Round "5.3"]
[White "Yilmaz, Mustafa"]
[Black "Yaran, Siar"]
[Result "1-0"]
[ECO "D36"]
[WhiteElo "2621"]
[BlackElo "2291"]
[Annotator "TA"]
[PlyCount "143"]
[EventDate "2022.11.25"]
[EventCountry "TUR"]
[SourceTitle "playchess.com"]
[Source "ChessBase"]
[SourceQuality "1"]
[TimeControl "40/5400+30:1800+30"]

1. d4 d5 2. c4 e6 3. Nc3 Nf6 4. cxd5 exd5 5. Bg5 Be7 6. e3 c6 7. Bd3 Nbd7 8. Nf3 O-O 9. Qc2 Re8 10. O-O h6 11. Bf4 Nf8 12. h3 Bd6 {[%emt 0:02:30] The main line 12...Bd6 scores better than 12...Ne6.} 13. Bxd6 Qxd6 14. Rab1 {[%emt 0:00:30] D36: Queen's Gambit Declined: Exchange Variation: Main line (5 Bg5 c6 6 Qc2).} a5 15. Rfe1 $5 {[%emt 0:05:30][%mdl 4] A promising side line.} Be6 {[%emt 0:02:30] [#]} 16. Ne5 $146 {[%emt 0:01:30] White is slightly better.} ({Predecessor:} 16. a3 N8d7 17. Rbc1 b6 18. e4 dxe4 19. Nxe4 Nxe4 20. Bxe4 Bd5 21. Bxd5 Rxe1+ 22. Nxe1 cxd5 {½-½ (50) Bendana Aragon,J-Flores,J ICCF email 2003}) 16... N6d7 17. f4 f6 18. Nf3 Nb6 19. Rbd1 Rad8 20. Qf2 Qc7 21. g4 Nc4 22. f5 Bf7 23. Re2 Re7 (23... Nd7 {is more complex.} 24. Nh4 b5 25. Ng6 b4) 24. Bxc4 dxc4 25. e4 b5 $1 26. Rde1 b4 {[%emt 0:02:52] Against e5} 27. Na4 Nd7 28. e5 {[%emt 0:10:30] Inhibits c5.} Bd5 29. Nh4 {[%emt 0:03:30] Threatening Ng6.} fxe5 30. Ng6 $1 {[%emt 0:00:30][%csl LRe5,LRe7] Against e4} Rde8 31. Qh4 e4 $1 (31... Rf7 32. dxe5 (32. Nxe5 Rfe7 $17) 32... Nf8 33. e6 $16) 32. Rg2 (32. Nxe7+ $11 Rxe7 33. Rg2 (33. Qxe7 Qg3+ 34. Rg2 Qxe1+ 35. Kh2 e3 $11)) 32... Nf8 33. Nxe7+ $14 Rxe7 34. Qg3 $1 $36 {[%emt 0:02:31][%mdl 2048] White is more active.} Qd8 35. Nc5 Nh7 {[%emt 0:03:17] [#]} (35... Re8 $14) 36. h4 $1 $16 {[%emt 0:00:13] White is much more active.} e3 {[%emt 0:00:00] Prevents g5.} 37. Rge2 Bf7 38. Ne6 ({Resist} 38. Rxe3 $6 Qxd4 39. Ne6 Bxe6 $14) 38... Bxe6 39. Qxe3 {[%emt 0:01:04][%mdl 64] Pin} ({Much weaker is} 39. fxe6 $6 Rxe6 40. Rxe3 Qxd4 $11) 39... Nf6 {[%emt 0:01:32] Hoping for ...Nd5.} 40. fxe6 {[%emt 0:00:00] g5 is the strong threat.} Nxg4 41. Qf4 h5 (41... Nf6 $142) 42. Rf1 c3 $2 {[%emt 0:08:30] Loses the game.} (42... Nf6 $16 {was worth a try.} 43. Qe5 Qd5) 43. bxc3 $18 bxc3 44. Qf7+ Rxf7 $2 (44... Kh7 45. Qxh5+ Nh6) 45. exf7+ Kf8 46. Re8+ Qxe8 47. fxe8=Q+ Kxe8 {[%emt 0:00:00][%mdl 4096] Endgame KR-KN} 48. Rc1 Nh6 49. Rxc3 Nf5 50. Rxc6 Nxh4 51. Rc5 g6 52. d5 Kd7 53. Rxa5 {[%emt 0:01:11] aiming for Kf2.} Kd6 54. Kf2 {[%emt 0:00:39] White mates.} Nf5 55. Ra6+ Kxd5 56. Rxg6 Kc4 57. Rg5 Nd6 58. Rxh5 Kb4 59. Rh3 Ne4+ 60. Ke1 Nc3 {[%emt 0:00:19] [#]} 61. a3+ $1 Kc4 62. Kd2 Na4 63. Kc2 Nc5 64. Rh8 Kb5 65. Rh4 Na4 66. Rb4+ Ka5 67. Kb3 Nc5+ 68. Kc4 Ne4 69. Rb8 Nd6+ 70. Kd5 Nb5 71. Kc5 Nc7 72. Kc6 {[%emt 0:00:10] Weighted Error Value: White=0.09 (flawless) /Black=0.37} 1-0

[Event "Turkish Championship 2022"]
[Site "Kemer-Antalya"]
[Date "2022.11.29"]
[Round "5.4"]
[White "Ozsakallioglu, Okan"]
[Black "Koksal, Ege"]
[Result "1/2-1/2"]
[ECO "C42"]
[WhiteElo "2288"]
[BlackElo "2321"]
[Annotator "TA"]
[PlyCount "60"]
[EventDate "2022.11.25"]
[EventCountry "TUR"]
[SourceTitle "playchess.com"]
[Source "ChessBase"]
[SourceQuality "1"]
[TimeControl "40/5400+30:1800+30"]

1. e4 e5 2. Nf3 Nf6 3. Nxe5 d6 4. Nf3 Nxe4 5. d4 d5 6. Bd3 Be7 7. O-O Bf5 8. c4 dxc4 {[%emt 0:02:30] C42: Petroff Defence: 3 Nxe5 and unusual White 3rd moves.} 9. Bxc4 O-O 10. Nc3 Nc6 11. Bd3 Nxc3 12. bxc3 Bxd3 13. Qxd3 Qd7 14. Rb1 b6 15. Re1 {[%emt 0:10:30] [#]} Rad8 $146 ({Predecessor:} 15... Rae8 16. Bf4 Bd8 17. Qb5 Nb8 18. Qh5 g6 19. Qh6 Rxe1+ 20. Rxe1 Re8 21. Rc1 f6 {½-½ (50) Nayhebaver,M (2451)-Konopka,M (2391) Germany 2018}) 16. Bf4 Rfe8 17. Re2 h6 18. Rbe1 Bd6 19. Rxe8+ Rxe8 20. Rxe8+ Qxe8 21. Bxd6 cxd6 $11 {[%emt 0:00:30][%mdl 4096] Endgame KQN-KQN} 22. h3 Na5 23. Qa6 Qd7 24. c4 Qc7 25. Nd2 Nc6 26. Qb5 Na5 (26... Nxd4 $2 27. Qe8+ Kh7 28. Qe4+ f5 29. Qxd4 $18) 27. Qe8+ Kh7 28. Qe4+ Kg8 29. Qe8+ Kh7 30. Qe4+ Kg8 {[%emt 0:00:00] An interesting draw.   Weighted Error Value: White=0.06 (flawless) /Black=0.02 (flawless)} 1/2-1/2

[Event "Turkish Championship 2022"]
[Site "Kemer-Antalya"]
[Date "2022.11.29"]
[Round "5.5"]
[White "Kilic, Eray"]
[Black "Yilmazyerli, Mert"]
[Result "1/2-1/2"]
[ECO "B11"]
[WhiteElo "2437"]
[BlackElo "2534"]
[Annotator "TA"]
[PlyCount "87"]
[EventDate "2022.11.25"]
[EventCountry "TUR"]
[SourceTitle "playchess.com"]
[Source "ChessBase"]
[SourceQuality "1"]
[TimeControl "40/5400+30:1800+30"]

1. e4 c6 2. Nc3 d5 3. Nf3 Bg4 4. h3 Bxf3 5. Qxf3 e6 6. d4 Nf6 7. Bd3 dxe4 8. Nxe4 Qxd4 {[%emt 0:00:00] B11: Caro-Kann: Two Knights Variation.} 9. c3 Qd8 10. O-O Nbd7 11. Rd1 Be7 12. Bf4 Nxe4 13. Bxe4 Qc8 {[%emt 0:00:30] [#]} 14. Qg3 $146 ({Predecessor:} 14. Rd2 Nf6 15. Rad1 O-O 16. Be5 Rd8 17. Bc2 Rxd2 18. Rxd2 Qe8 19. Rd4 Rd8 20. Rh4 {0-1 (30) Vakhlamov,I (2413)-Andreikin,D (2728) Chess.com INT 2021}) 14... Nf6 15. Bf3 (15. Qxg7 $2 Rg8 16. Qh6 Nxe4 $19) 15... O-O 16. Bh6 {[%emt 0:07:30][%csl Gh6][%cal Rg3g7] [#] A strong pair of Bishops.} Ne8 17. Rd2 Kh8 18. Be3 Nf6 19. Rad1 Rd8 20. Rxd8+ Bxd8 21. Qd6 {[%emt 0:00:30] [#] Qf8+ is the strong threat.} Bb6 22. Bxb6 axb6 23. Qe7 Kg8 (23... Rxa2 $2 24. Rd8+ $18 (24. Qxf7 Rxb2 25. Bg4 Qb8 $14) (24. Qxf7 Qb8 $14)) 24. c4 h6 (24... Rxa2 $2 {leads to mate.} 25. Rd8+) 25. a4 (25. a3 $5) 25... Qb8 (25... Rxa4 $2 26. Rd8+ $18) 26. b3 e5 27. g3 {[%emt 0:08:30] The position is equal.} e4 28. Bxe4 {[%emt 0:02:30] Hoping for Bf5.} Qe8 29. Qxe8+ Rxe8 $11 {[%emt 0:00:04][%mdl 4096] Endgame KRB-KRN} 30. Bf3 Kf8 31. b4 Ke7 32. b5 Rc8 33. bxc6 bxc6 34. Rb1 Nd7 35. Bg4 Rc7 36. Bxd7 Kxd7 37. Rxb6 {[%emt 0:00:06] KR-KR} Ra7 38. c5 Rxa4 39. Rb7+ $1 Ke6 40. Rc7 Rc4 41. Rxc6+ Kd7 $1 42. Rd6+ Ke7 43. Rc6 Kd7 44. Rd6+ {[%emt 0:00:00] An interesting draw.   Weighted Error Value: White=0.02 (flawless) /Black=0.02 (flawless)} 1/2-1/2